 Dungeon Crawl Stone Soup version 0.23.0 (webtiles) character file.

Game seed: 15116340190385234368

3146 MeBeSleepy the Carver (level 9, 0/86 HPs)
             Began as a Minotaur Fighter on Feb 8, 2019.
             Was a Believer of Ashenzari.
             Slain by a soldier ant (4 damage)
             ... while paralysed by a hornet
             ... on level 8 of the Dungeon.
             The game lasted 01:07:30 (6199 turns).

MeBeSleepy the Carver (Minotaur Fighter)            Turns: 6199, Time: 01:07:32

Health: 0/86       AC: 22    Str: 21    XL:     9   Next: 62%
Magic:  7/7        EV:  2    Int:  5    God:    Ashenzari [**....]
Gold:   531        SH:  0    Dex: 13    Spells: 8/8 levels left

rFire    . . .     SeeInvis +   a - +0 long sword
rCold    . . .     Gourm    .   c - +1 shield
rNeg     . . .     Faith    .   h - +1 plate armour
rPois    .         Spirit   .   (helmet restricted)
rElec    .         Reflect  .   q - +0 cloak
rCorr    .         Harm     .   S - +1 pair of gloves
MR       +....                  (no boots)
Stlth    ..........             (no amulet)
HPRegen  0.24/turn              r - ring of see invisible
MPRegen  0.10/turn              x - +4 ring of protection (curse)

@: paralysed, lethally poisoned (0 -> -2), very slightly contaminated
A: retaliatory headbutt, horns 2, low mp 1, magic resistance 1, robust 1
a: Curse Item, Scrying, Renounce Religion


You were on level 8 of the Dungeon.
You worshipped Ashenzari.
Ashenzari was pleased with you.
You were not hungry.

You visited 1 branch of the dungeon, and saw 8 of its levels.
You also visited: Sewer.

You collected 531 gold pieces.

Inventory:

Hand Weapons
 a - a +0 long sword (weapon)
 f - a +1 trident of venom
 j - a +0 antimagic whip
 G - a +0 flail of pain
 H - a +0 shortbow
Missiles
 n - 167 arrows (quivered)
 o - 63 bolts
Armour
 c - a +1 shield (worn)
 h - a +1 plate armour (worn)
 i - a +0 plate armour
 q - a +0 cloak (worn)
 y - a scarf of repulsion
 S - a +1 pair of gloves (worn)
Jewellery
 r - a ring of see invisible (left hand)
 x - a cursed +4 ring of protection (right hand)
Wands
 F - a wand of disintegration (13)
 K - a wand of polymorph (7)
Scrolls
 v - a scroll of remove curse
 E - a scroll of fog
 M - 2 scrolls of teleportation
Potions
 d - 3 potions of might
 e - 2 potions of haste
 g - a potion of degeneration {unknown}
 s - 3 potions of cancellation
 u - a potion of heal wounds
 w - 2 potions of flight
 D - a potion of ambrosia
 Q - 3 potions of curing
Comestibles
 O - a ration


   Skills:
 + Level 7.2 Fighting
 + Level 10.2 Long Blades
 + Level 8.4 Armour
 + Level 2.1 Dodging
 + Level 0.3 Stealth
 + Level 8.5 Shields


You had 8 spell levels left.
You didn't know any spells.
Your spell library contained the following spells:

 Spells                   Type           Power        Failure   Level  Hunger
 Animate Skeleton         Necr           N/A          100%        1    ##.....
 Apportation              Tloc           #.....       100%        1    ##.....
 Confusing Touch          Hex            #.....       100%        1    ##.....
 Magic Dart               Conj           #...         100%        1    ##.....
 Sting                    Conj/Pois      #...         100%        1    ##.....
 Summon Small Mammal      Summ           #...         100%        1    ##.....
 Searing Ray              Conj           #.....       100%        2    ###....
 Dazzling Spray           Conj/Hex       #.....       100%        3    ####...
 Tukima's Dance           Hex            #.......     100%        3    ####...
 Force Lance              Conj/Tloc      #.......     100%        4    #####..
 Fulminant Prism          Conj/Hex       #.........   100%        4    #####..
 Iskenderun's Mystic Bla  Conj           #.......     100%        4    #####..
 Leda's Liquefaction      Hex/Erth       #.........   100%        4    #####..
 Discord                  Hex            #.........   100%        8    #######


Dungeon Overview and Level Annotations

Branches:
Dungeon (8/15)             Temple (0/1) D:7            Lair (0/6) D:8

Altars:
Ashenzari
Fedhas
Gozag
Hepliaklqana
Kikubaaqudgha
Okawaru
Ru
Sif Muna
Uskayaw

Shops:
D:8 [


Innate Abilities, Weirdness & Mutations

You reflexively headbutt those who attack you in melee.
You have a pair of horns on your head.
Your magical capacity is low. (-10% MP)
You are resistant to hostile enchantments. (MR+)
You are robust. (+10% HP)


Message History

The hornet is lightly wounded.
You feel sick.
The hornet stings you but does no damage.
You block the hornet's attack.
Your plate armour prevents you from hitting the hornet.
The hornet is lightly wounded.
You block the hornet's attack.
You miss the hornet. Your headbutt misses the hornet.
The hornet is lightly wounded.
You feel sick.
The hornet stings you but does no damage.
You hit the hornet.
The hornet is lightly wounded.
You block the hornet's attack. x2
You hit the hornet but do no damage. You headbutt the hornet.
The hornet is moderately wounded.
You feel sick. The hornet stings you.
* * * LOW HITPOINT WARNING * * *
You suddenly lose the ability to move!
The soldier ant stings you.
You die...

# # ##### ###...# #####
.##...#####>..#
.##...........#######
.........##.....@...####
................ya<....#
.........###..##a......#
###...........##.##.#..### #
#.....###..###.##.#....# #
#).#'###.#.###.##.#..#.#
#..'∩'..###.##.##.#....#
#..#'#.## ##.#.##.#.#.####
#.......###.##.##.#.#....######


You could see a soldier ant, a hornet and a worker ant.

Vanquished Creatures
  A two-headed ogre (D:8)
  A komodo dragon (D:8)
  An orc warrior (D:7)
  2 ice beasts
  A necrophage (D:8)
  A black bear (D:7)
  3 phantoms
  3 centaurs
  2 ogres
  3 bullfrogs
  A crimson imp (D:6)
  2 orc priests
  5 orc wizards
  4 hounds
  Ijyb (D:5)
  2 bullfrog skeletons
  3 iguanas
  5 worker ants
  A hound skeleton (D:6)
  A worker ant zombie (D:5)
  2 howler monkey skeletons
  13 adders
  3 shadow imps
  An ooze (D:4)
  An adder zombie (D:7)
  An adder skeleton (D:4)
  2 worms
  A dart slug (D:1)
  5 leopard geckos
  22 orcs
  5 giant cockroaches
  5 goblins
  11 hobgoblins
  8 jackals (D:3)
  2 quokkas
  A ball python (D:1)
  5 bats
  2 frilled lizards (D:2)
  7 kobolds
  A quokka skeleton (D:7)
  6 rats
  A plant (D:8)
148 creatures vanquished.

Vanquished Creatures (others)
  A plant (D:8)
1 creature vanquished.

Grand Total: 149 creatures vanquished

Notes
Turn   | Place    | Note
-------+----------+-------------------------------------------
     0 | D:1      | MeBeSleepy the Minotaur Fighter began the quest for the
                  | Orb.
     0 | D:1      | Reached XP level 1. HP: 19/19 MP: 0/0
   163 | D:1      | Reached XP level 2. HP: 27/27 MP: 1/1
   842 | D:2      | Found a sacrificial altar of Ru.
   857 | D:2      | Reached XP level 3. HP: 20/33 MP: 2/2
   880 | D:2      | Reached skill level 3 in Long Blades
   887 | D:2      | Became a worshipper of Ru the Awakened
  1215 | D:2      | Found a faded altar of an unknown god.
  1218 | D:2      | Fell from the grace of Ru
  1218 | D:2      | Became a worshipper of Ashenzari the Shackled
  1218 | D:2      | Reached * piety under Ashenzari
  1619 | D:2      | Found a blossoming altar of Fedhas.
  1635 | D:2      | Found a hazy altar of Hepliaklqana.
  1644 | D:2      | Found a shattered altar of Ashenzari.
  1788 | D:3      | Reached XP level 4. HP: 36/40 MP: 3/3
  1791 | D:3      | Found a glowing drain.
  1860 | Sewer    | Entered a sewer
  1913 | D:3      | Reached skill level 4 in Long Blades
  1973 | D:3      | Found an iron altar of Okawaru.
  2107 | D:3      | Reached XP level 5. HP: 47/47 MP: 4/4
  2161 | D:3      | Found an opulent altar of Gozag.
  2550 | D:4      | HP: 2/47 [poisoned by an orc]
  2558 | D:4      | HP: 2/47 [poisoned by an orc]
  2830 | D:4      | Reached skill level 5 in Armour
  2830 | D:4      | Reached skill level 1 in Dodging
  2838 | D:4      | Reached XP level 6. HP: 17/53 MP: 5/5
  3005 | D:4      | Reached skill level 5 in Long Blades
  3052 | D:4      | Reached skill level 5 in Shields
  3197 | D:4      | Reached XP level 7. HP: 34/60 MP: 6/6
  3317 | D:4      | Found a deep blue altar of Sif Muna.
  3384 | D:4      | Reached skill level 6 in Long Blades
  3523 | D:5      | Entered Level 5 of the Dungeon
  3561 | D:5      | Reached skill level 5 in Fighting
  3615 | D:5      | Found an ancient bone altar of Kikubaaqudgha.
  3734 | D:5      | Noticed Ijyb
  3743 | D:5      | Killed Ijyb
  3980 | D:5      | Reached skill level 7 in Long Blades
  4114 | D:6      | Reached XP level 8. HP: 66/69 MP: 7/7
  4889 | D:7      | Gained mutation: Your magical capacity is low. (-10% MP)
                  | [potion of mutation]
  4889 | D:7      | Gained mutation: You are robust. (+10% HP) [potion of
                  | mutation]
  4889 | D:7      | Gained mutation: You are resistant to hostile enchantments.
                  | (MR+) [potion of mutation]
  4945 | D:7      | Reached ** piety under Ashenzari
  4971 | D:7      | Reached skill level 8 in Long Blades
  5110 | D:7      | Found a staircase to the Ecumenical Temple.
  5193 | D:7      | Found a hide-covered altar of Uskayaw.
  5537 | D:7      | Reached skill level 9 in Long Blades
  5589 | D:7      | Reached XP level 9. HP: 51/85 MP: 7/7
  5594 | D:7      | Identified the Papyrus of Envenoming and Beguiling
  6011 | D:8      | Found Melonot's Antique Armour Emporium.
  6032 | D:8      | Noticed a komodo dragon
  6033 | D:8      | Found a staircase to the Lair.
  6053 | D:8      | Killed a komodo dragon
  6156 | D:8      | Noticed a two-headed ogre
  6174 | D:8      | Killed a two-headed ogre
  6174 | D:8      | Reached skill level 10 in Long Blades
  6182 | D:8      | Paralysed by a hornet for 1 turns
  6199 | D:8      | HP: 4/86 [hornet (3)]
  6199 | D:8      | Paralysed by a hornet for 2 turns
  6199 | D:8      | Slain by a soldier ant

Skill      XL: |  1  2  3  4  5  6  7  8  9 |
---------------+----------------------------+-----
Fighting       | 4 5 6 7 |  7.2
Armour         | 4 5 6 7 8 |  8.4
Long Blades    | 3 4 5 7 9 10 | 10.2
Shields        | 4 5 6 7 8 |  8.5
Dodging        | 1 2 |  2.1
Stealth        | |  0.3

Action                   |  1- 3 |  4- 6 |  7- 9 || total
-------------------------+-------+-------+-------++-------
Melee: Long sword        |    96 |   149 |   307 ||   552
       Headbutt          |    12 |    26 |    68 ||   106
Invok: Scrying           |       |       |     1 ||     1
       Curse Item        |       |       |     1 ||     1
  Use: Scroll            |     5 |     3 |    11 ||    19
       Potion            |       |     5 |     2 ||     7
  Eat: Ration            |     1 |     2 |     3 ||     6
Armor: Scale mail        |    60 |    40 |       ||   100
       Plate armour      |       |    22 |   150 ||   172
Dodge: Dodged            |    40 |    28 |    50 ||   118
       Deflected         |       |       |     2 ||     2
Block: Shield            |    47 |   104 |   150 ||   301
       Rpst.: Long sword |    11 |     4 |    18 ||    33
